Map: Submarine LE

Players

Irie

  • Race: Terran Terran
  • League: Silver
  • Spawn Location: 5:00

Throwfordays - Winner!

  • Race: Protoss Protoss
  • League: Silver
  • Spawn Location: 11:00

VOD

Have the link to the VOD?

Description

Time

  • Played on: July 17, 2020, 6:56 p.m.
  • Length: 4:09
Show
View Real Time Build Order
Export as new Build Order

Irie Terran 

Build Orders:  

Get SALT Encoding   

  12  0:01  SCV  
  13  0:13  SCV  
  14  0:18  Supply Depot  
  14  0:26  SCV  
  15  0:40  SCV  
  16  0:46  Barracks  
  16  0:49  Refinery  
  16  0:58  SCV  
  17  1:10  SCV  
  18  1:22  SCV  
  19  1:34  SCV  
  19  1:36  Bunker  
  19  1:37  Marine  
  21  1:46  SCV  
  22  2:00  SCV  
  23  2:06  Marine  
  23  2:17  Supply Depot  
  23  2:19  Supply Depot  
  23  2:38  Supply Depot  
  23  2:41  Marine, SCV  
  25  2:53  SCV  
  26  2:58  Marine  
  26  3:05  Bunker, SCV  
  29  3:21  Barracks  
  29  3:23  SCV  
Show
View Real Time Build Order
Export as new Build Order

Throwfordays Protoss - Winner!

Build Orders: Cannon Rush 

Get SALT Encoding   

  12  0:00  Probe  
  13  0:16  Pylon  
  13  0:18  Probe  
  14  0:34  Forge  
  14  0:37  Probe  
  15  0:44  Pylon  
  15  0:55  Pylon  
  15  1:03  Probe  
  16  1:15  Photon Cannon  
  16  1:29  Pylon  
  16  1:30  Photon Cannon  
  16  1:35  Pylon  
  16  1:47  Photon Cannon  
  16  2:00  Photon Cannon  
  16  2:12  Pylon  
  16  2:21  Photon Cannon  
  16  2:29  Photon Cannon  
  16  2:37  Pylon  
  16  2:56  Photon Cannon  
  16  2:58  Photon Cannon, Probe  
  17  3:06  Probe  
  18  3:25  Photon Cannon  
  18  3:40  Photon Cannon  
  18  3:41  Photon Cannon  
  18  3:49  Photon Cannon  
Tags
 
Matchup
PvT
Replay Pack
Multiplayer
Spawn Locations
Cross Positions
Add a new tag
Caveats
  • Supply blocks, unpowered buildings, or Contaminate may cause inaccurate times.
  • Supply counts are checked every 10 seconds.